 Dungeon Crawl Stone Soup version 0.19-a0-1104-gecadb88 (webtiles) character file.

1438 Promi the Skirmisher (level 8, -8/56 HPs)
             Began as a High Elf Ice Elementalist on Aug 9, 2016.
             Was an Initiate of Sif Muna.
             Mangled by a hill giant
             ... wielding a +0 giant spiked club
              (20 damage)
             ... on level 7 of the Dungeon.
             The game lasted 00:36:34 (6892 turns).

Promi the Skirmisher (High Elf Ice Elementalist)    Turns: 6892, Time: 00:36:34

Health: -8/56      AC: 14    Str:  9    XL:     8   Next: 45%
Magic:  2/25       EV: 13    Int: 19    God:    Sif Muna [......]
Gold:   332        SH:  3    Dex: 16    Spells: 4 memorised, 7 levels left

rFire  . . .     SeeInvis .     I - +0 rapier
rCold  + . .     Gourm    .     p - +1 leather armour {rC+}
rNeg   . . .     Faith    .     L - +0 buckler
rPois  +         Spirit   .     (no helmet)
rElec  .         Dismiss  +     f - +0 cloak
rCorr  .         Reflect  .     e - +1 pair of gloves
SustAt .         Harm     .     t - +0 pair of boots
MR     .....                    N - amulet of dismissal
Stlth  +++.......               m - ring of poison resistance
                                l - ring of magical power

@: icy armour (expiring), very slightly contaminated, slow
A: no striking features
a: Renounce Religion


You were on level 7 of the Dungeon.
You worshipped Sif Muna.
Sif Muna was noncommittal.
You were not hungry.

You visited 2 branches of the dungeon, and saw 8 of its levels.

You collected 332 gold pieces.

Inventory:

Hand Weapons
 d - a +0 whip of venom
 I - a +0 rapier (weapon)
Armour
 a - a +0 robe
 e - a +1 pair of gloves (worn)
 f - a +0 cloak (worn)
 p - a +1 leather armour of cold resistance (worn)
 t - a +0 pair of boots (worn)
 L - a +0 buckler (worn)
Jewellery
 l - a ring of magical power (left hand)
 m - a ring of poison resistance (right hand)
 n - a cursed ring of positive energy {unknown}
 q - an uncursed ring of protection from fire
 x - an uncursed ring of ice {unknown}
 M - the ring of Shadows {Umbra +Inv Stlth+}
   (You found it on level 5 of the Dungeon)

   [ring of stealth]

   It lets you turn invisible.
   It makes you more stealthy.
 N - an amulet of dismissal (around neck)
 Q - an uncursed ring of see invisible {unknown}
Wands
 y - a wand of heal wounds (1/9)
Scrolls
 g - 5 scrolls of remove curse
 i - 4 scrolls of identify
 s - a scroll of random uselessness
 w - a scroll of magic mapping
 C - a scroll of teleportation
 D - a scroll of blinking {unknown}
 E - a scroll of noise {unknown}
 G - a scroll of enchant armour
 K - 2 scrolls of amnesia {unknown}
Potions
 h - 3 potions of agility {unknown}
 k - 4 potions of curing {unknown}
 r - 2 potions of lignification {unknown}
 u - a potion of cure mutation {unknown}
 v - a potion of degeneration {unknown}
 z - 2 potions of haste {unknown}
 A - 2 potions of heal wounds {unknown}
 B - a potion of might {unknown}
 H - a potion of berserk rage {unknown}
 R - a potion of mutation {unknown}
Books
 b - a book of Frost

   Spells                             Type                      Level
   a - Freeze                         Ice                          1
   b - Throw Frost                    Conjuration/Ice              2
   c - Ozocubu's Armour               Charms/Ice                   3
   d - Throw Icicle                   Conjuration/Ice              4
   e - Summon Ice Beast               Ice/Summoning                4
 J - a book of Annihilations

   Spells                             Type                      Level
   a - Poison Arrow                   Conjuration/Poison           6
   b - Chain Lightning                Conjuration/Air              8
   c - Lehudib's Crystal Spear        Conjuration/Earth            8
   d - Glaciate                       Conjuration/Ice              9
   e - Fire Storm                     Conjuration/Fire             9
Comestibles
 c - 8 bread rations
 j - 2 slices of pizza
 o - 3 meat rations
 F - a beef jerky
 O - 2 royal jellies
 P - 7 chunks of flesh


   Skills:
 + Level 5.4 Fighting
 * Level 3.5 Short Blades
 + Level 4.7 Dodging
 + Level 5.3 Stealth
 + Level 5.3 Spellcasting
 - Level 1.1 Conjurations
 + Level 5.1 Ice Magic


You had 7 spell levels left.
You knew the following spells:

 Your Spells              Type           Power        Failure   Level  Hunger
a - Freeze                Ice            ###.         4%          1    None
b - Throw Frost           Conj/Ice       ###...       14%         2    None
c - Ozocubu's Armour      Chrm/Ice       ##......     34%         3    ##.....
d - Throw Icicle          Conj/Ice       ###.....     86%         4    ####...


Dungeon Overview and Level Annotations

Branches:
Dungeon (7/15)             Temple (1/1) D:4

Altars:
Ashenzari
Cheibriados
Dithmenos
Gozag
Hepliaklqana
Kikubaaqudgha
Nemelex Xobeh
Qazlal
Sif Muna
Trog
Uskayaw
Vehumet
Xom
Yredelemnul
Zin
The Shining One

Shops:
D:4 [

Annotations:
D:3 Promi's ghost, amateur HEIE


Message History

The hill giant is almost dead.
Your icy armour starts to melt.
Casting: Throw Frost
Confirm with . or Enter, or press ? or * to list all spells.
Aiming: Throw Frost
Press: ? - help, Shift-Dir - straight line, f/p - hill giant
Aim: a hill giant, wielding a giant spiked club (almost dead)
You miscast Throw Frost.
You hear a crackling sound.
Evoke which item? (* to show all) (? for menu, Esc to quit)
Zapping:
y - a wand of heal wounds (2/9)
Press: ? - help, Shift-Dir - straight line, f - you, p - hill giant You feel much better.
This wand has 1 charge left.
Casting: Throw Frost
Confirm with . or Enter, or press ? or * to list all spells.
You don't have enough magic to cast that spell.
The hill giant hits you with a giant spiked club!!
* * * LOW HITPOINT WARNING * * *
The hill giant hits you with a giant spiked club!!
You die...

..............#
...........?..#
...........>..#
.............#
###$........#
#.........#
#......####
#.C....#
#.@....#
########


You could see a hill giant.

Vanquished Creatures
  A black bear (D:5)
  A necrophage (D:6)
  2 ogres
  A centaur (D:6)
  A giant frog (D:6)
  A scorpion (D:4)
  4 howler monkeys
  3 crimson imps
  2 jellies
  3 hounds
  A centaur skeleton (D:6)
  4 orc wizards
  A giant frog skeleton (D:5)
  6 worker ants
  A hound skeleton (D:5)
  2 worker ant zombies
  4 adders
  An ooze (D:3)
  An adder zombie (D:7)
  A worm (D:3)
  2 dart slugs (D:1)
  9 orcs
  7 giant cockroaches
  11 goblins
  8 hobgoblins
  12 jackals
  2 quokkas
  A ball python (D:3)
  11 bats
  A giant gecko skeleton (D:6)
  8 giant newts
  5 kobolds
  A quokka skeleton (D:4)
  7 rats
126 creatures vanquished.

Notes
Turn   | Place    | Note
-------+----------+-------------------------------------------
     0 | D:1      | Promi the High Elf Ice Elementalist began the quest for the Orb.
     0 | D:1      | Reached XP level 1. HP: 11/11 MP: 4/4
   156 | D:1      | Reached XP level 2. HP: 17/17 MP: 6/6
   160 | D:1      | Learned a level 2 spell: Throw Frost
   524 | D:1      | Reached XP level 3. HP: 22/22 MP: 1/8
   530 | D:1      | Learned a level 3 spell: Ozocubu's Armour
   863 | D:2      | Found a bloodstained altar of Trog.
  1327 | D:2      | Found a snail-covered altar of Cheibriados.
  1407 | D:2      | Reached skill level 1 in Fighting
  1860 | D:3      | Reached XP level 4. HP: 25/28 MP: 9/9
  1905 | D:3      | Noticed Promi's ghost (amateur HEIE)
  2911 | D:4      | Reached XP level 5. HP: 34/34 MP: 1/11
  2917 | D:4      | Learned a level 4 spell: Throw Icicle
  3158 | D:4      | Found a deep blue altar of Sif Muna.
  3161 | D:4      | Became a worshipper of Sif Muna the Loreminder
  3229 | D:4      | Found Toguck Tuku's Armour Shoppe.
  3361 | D:4      | Reached XP level 6. HP: 41/41 MP: 12/12
  3413 | D:4      | Found a radiant altar of Vehumet.
  3612 | D:4      | Found a sparkling altar of Nemelex Xobeh.
  3694 | D:4      | Found a staircase to the Ecumenical Temple.
  3714 | Temple   | Entered the Ecumenical Temple
  3807 | D:5      | Entered Level 5 of the Dungeon
  3914 | D:5      | Reached skill level 1 in Short Blades
  4193 | D:5      | Reached XP level 7. HP: 43/46 MP: 11/14
  4965 | D:6      | Found a hide-covered altar of Uskayaw.
  5065 | D:6      | Identified a -1 rod of ignition (10/10) (You found it on level 6 of the Dungeon)
  5168 | D:6      | Reached XP level 8. HP: 48/54 MP: 4/16
  5410 | D:6      | Found a stormy altar of Qazlal.
  5562 | D:6      | Reached skill level 5 in Fighting
  5562 | D:6      | Reached skill level 5 in Spellcasting
  6004 | D:7      | Noticed a hill giant
  6344 | D:6      | Reached skill level 5 in Stealth
  6618 | D:7      | Reached skill level 5 in Ice Magic
  6892 | D:7      | Mangled by a hill giant

Vault maps used:
D:1:      nicolae_arrival_washed_ashore
D:2:      bloody_trog, cheibriados_altar_1
D:3:      kennysheep_six_static_rooms, first_bread
D:4:      nicolae_overflow_crystal_walls, lemuel_blue_sif_altar,
          nemelex_altar_shiori, serial_shops, nicolae_shop_waterfront
D:5:      black_bear_nest_1
D:6:      lemuel_doored_altar, nicolae_overflow_hidden_temple,
          minmay_misc_feat_nine_boxes
D:7:      fedhas_altar_4
Temple:   dpeg_three_leaves_temple

Skill      XL: |  1  2  3  4  5  6  7  8 |
---------------+-------------------------+-----
Spellcasting   | 3 4 5 |  5.3
Fighting       | 1 2 3 4 5 |  5.4
Ice Magic      | 4 5 |  5.1
Dodging        | 3 4 |  4.7
Stealth        | 3 4 5 |  5.3
Short Blades   | 1 2 3 |  3.5
Conjurations   | |  1.1

Action                   |  1- 3 |  4- 6 |  7- 9 || total
-------------------------+-------+-------+-------++-------
Melee: Whip              |    69 |    57 |       ||   126
       Rapier            |       |    26 |   130 ||   156
 Cast: Freeze            |    12 |     9 |     1 ||    22
       Throw Frost       |    26 |    61 |   106 ||   193
       Ozocubu's Armour  |     1 |     3 |     7 ||    11
Evoke: Wand              |       |       |     1 ||     1
  Use: Scroll            |     2 |    10 |     3 ||    15
 Stab: Sleeping          |     5 |     2 |     3 ||    10
  Eat: Chunk             |     4 |    10 |    10 ||    24
Armor: Robe              |    17 |       |       ||    17
       Leather armour    |    12 |    39 |    78 ||   129
Dodge: Dodged            |    57 |    64 |   127 ||   248
Block: Buckler           |       |       |    41 ||    41
